Cogmind - Beta 13 @@@ ROGUE MODE // 2024.04.05 @ 17:48:08 Player: Cyurio Result: Self-destructed Performance ------------- Evolutions (4) 2000 Regions Visited (9) 1800 Robots Destroyed (70) 350 Value Destroyed (2565) 2565 Prototype IDs (24) 480 Alien Tech Used (0) 0 Bonus (671) 671 TOTAL SCORE: 7866 Bonus ------- Follower Combat Kills 371 Aligned with FarCom 300 Cogmind --------- Core Integrity 582/850 Matter 275/300 Energy 480/480 System Corruption 15% Temperature Cool (0) Movement Core (500) Ox9 Location -6/Lower Caves Parts ------- > --- POWER (2) -------- Improved Deuterium Engine Reinforced Deuterium Engine > --- PROPULSION (3) --- (None) > --- UTILITY (6) ------ Improved Signal Interpreter Weapon Cycler > --- WEAPON (4) ------- Scythe Makeshift Sword > --- INVENTORY (5) ---- Aluminum Leg Compact Wheel Signal Interpreter Hacking Suite Peak State ------------ > --- POWER ------------ Improved Deuterium Engine Light Antimatter Reactor > --- PROPULSION ------- Improved Treads Armored Treads Armored Treads > --- UTILITY ---------- Medium Storage Unit Visual Processing Unit Improved Signal Interpreter Matter Filter Kinecellerator Weapon Cycler > --- WEAPON ----------- XL Autogun Array > --- INVENTORY -------- Improved Deuterium Engine Light Treads Aluminum Leg Compact Wheel Signal Interpreter Hacking Suite Coil Gun Hypervelocity Railgun Hypervelocity Railgun Rocket Launcher [Rating: 76] Favorites ----------- Power Light Nuclear Core Engine Improved Deuterium Engine Power Core Light Nuclear Core Reactor Light Antimatter Reactor Propulsion Armored Treads Treads Armored Treads Leg Aluminum Leg Utility Medium Storage Unit Device Matter Filter Storage Medium Storage Unit Processor Targeting Computer Weapon XL Autogun Array Energy Gun Medium Laser Ballistic Gun XL Autogun Array Ballistic Cannon Advanced Assault Cannon Slashing Weapon Scythe Build | -11 -10 -10 -10 -9 -8 -7 -6 -6 -6 ------- Run | Yrd Mat Min Exi Min Mat Fac Fac Low Low Slots Evolved 8 | . . . . . 4 2 2 . . Power 1 | . . . . . . . 1 . . Propulsion 1 | . . . . . . 1 . . . Utility 4 | . . . . . 2 1 1 . . Weapon 2 | . . . . . 2 . . . . Parts Attached 44 | . 7 . . 2 6 4 7 13 5 Power 8 | . 1 . . . 1 . 5 1 . Engine 5 | . . . . . 1 . 3 1 . Core 2 | . 1 . . . . . 1 . . Reactor 1 | . . . . . . . 1 . . Propulsion 13 | . 2 . . 2 1 3 . 3 2 Treads 11 | . . . . 2 1 3 . 3 2 Leg 2 | . 2 . . . . . . . . Wheel . | . . . . . . . . . . Hover . | . . . . . . . . . . Flight . | . . . . . . . . . . Utility 8 | . 2 . . . 2 1 2 . 1 Device 4 | . . . . . . 1 2 . 1 Storage 1 | . 1 . . . . . . . . Processor 3 | . 1 . . . 2 . . . . Hackware . | . . . . . . . . . . Protection . | . . . . . . . . . . Artifact . | . . . . . . . . . . Weapon 15 | . 2 . . . 2 . . 9 2 Energy Gun . | . . . . . . . . . . Energy Cannon . | . . . . . . . . . . Ballistic Gun 12 | . 2 . . . 2 . . 8 . Ballistic Cannon 1 | . . . . . . . . . 1 Launcher . | . . . . . . . . . . Special Weapon . | . . . . . . . . . . Impact Weapon . | . . . . . . . . . . Slashing Weapon 2 | . . . . . . . . 1 1 Piercing Weapon . | . . . . . . . . . . Special Melee Weapon . | . . . . . . . . . . Unidentified Prototypes 1 | . . . . . . . . 1 . Parts Lost 22 | . 1 . . . 1 . 1 10 9 Power 2 | . . . . . 1 . . 1 . Propulsion 7 | . 1 . . . . . . 2 4 Utility 6 | . . . . . . . 1 3 2 Weapon 7 | . . . . . . . . 4 3 Highest Loss Streak 5 | . 1 . . . 1 . 1 5 5 To Critical Strikes . | . . . . . . . . . . Average Slot Usage (%) 83 | . 99 100 100 100 67 74 74 80 59 Engine 5 | . 6 . . . 1 7 7 8 13 Core 5 | . 7 14 14 14 7 . 3 . . Treads 14 | . . . . 16 18 23 20 19 13 Leg 8 | . 27 28 28 11 . . . . . Device 5 | . . . . . . 5 13 10 7 Storage 9 | . 14 14 14 14 9 7 6 6 1 Processor 14 | . 13 14 14 14 22 23 14 8 6 Ballistic Gun 15 | . 27 28 28 28 9 7 6 18 4 Naked Turns . | . . . . . . . . . . Heaviest Build 55 | 11 18 18 18 18 30 31 55 55 54 Greatest Support 63 | 20 20 20 20 40 43 63 63 63 60 Greatest Overweight (x) 1 | . 1 . . . . . . 1 1 Average Overweight (x) . | . . . . . . . . . . Largest Inventory Capacity 10 | . 10 10 10 10 10 10 10 10 10 Average Capacity 9 | . 8 10 10 10 10 10 10 10 6 Most Carried 10 | . 8 8 10 10 10 10 10 10 7 Average Carried 8 | . 6 7 8 10 7 8 9 7 4 Final Capacity 10 | 8 10 10 10 10 10 10 10 10 5 Final Carried 10 | 6 8 8 10 10 8 10 10 7 4 Class Distribution -------------------- 40% | Mutant 36% | Skirmisher 9% | Gunner 5% | Scavenger-Gunner 4% | Scavenger-Skirmisher Dominant Class ---------------- Mutant | -10/Materials Mutant | -10/Mines Mutant | -10/Exiles Mutant | -9/Mines Scavenger-Skirmisher | -8/Materials Skirmisher | -7/Factory Skirmisher | -6/Factory Gunner | -6/Lower Caves Mutant | -6/Lower Caves Resources | -11 -10 -10 -10 -9 -8 -7 -6 -6 -6 ----------- Run | Yrd Mat Min Exi Min Mat Fac Fac Low Low Matter Collected 2348 | 200 206 28 . 68 181 90 544 719 312 Remotely . | . . . . . . . . . . Salvage Created 3227 | . 521 . . 49 159 287 833 928 450 Parts 173 | . 36 . . 1 13 13 50 41 19 Haulers Intercepted 3 | . 1 . . . . 1 1 . . Recyclers Shooed . | . . . . . . . . . . Parts Field Recycled . | . . . . . . . . . . Retrieved Matter . | . . . . . . . . . . Parts Self-Destructed 60 | . . . . . . . . 41 19 Prevented . | . . . . . . . . . . Kills | -11 -10 -10 -10 -9 -8 -7 -6 -6 -6 ------- Run | Yrd Mat Min Exi Min Mat Fac Fac Low Low Combat Hostiles Destroyed 57 | . 12 . . 1 4 4 11 17 8 Melee 1 | . . . . . . . . . 1 Guns 55 | . 12 . . 1 4 4 11 17 6 Cannons 1 | . . . . . . . . . 1 Classes Destroyed 13 | . 5 . . . 1 3 3 1 . Worker 1 | . . . . . . . 1 . . Builder 1 | . . . . . . . 1 . . Hauler 3 | . 1 . . . . 1 1 . . Recycler 1 | . . . . . 1 . . . . Operator 3 | . 1 . . . . 1 1 . . Watcher 4 | . 2 . . . 1 . 1 . . Swarmer 15 | . 3 . . . 4 . 1 5 2 Grunt 24 | . 9 . . 1 . 1 5 5 3 Brawler 5 | . . . . . . . 1 3 1 Duelist 2 | . . . . . . . . 1 1 Sentry 5 | . . . . . . 1 2 1 1 Hunter 4 | . . . . . . 1 1 2 . Programmer 2 | . . . . . . 1 1 . . Best Kill Streak 12 | . 3 . . 1 5 3 8 12 5 Combat Bots Only 12 | . 3 . . 1 4 3 5 12 5 Max Kills in Single Turn 2 | . 2 . . 1 1 1 2 1 1 Gunslinging 1 | . 1 . . . . . . . . Exploded . | . . . . . . . . . . Melee 1 | . . . . . . . . . 1 Uniques/NPCs Destroyed . | . . . . . . . . . . Combat | -11 -10 -10 -10 -9 -8 -7 -6 -6 -6 -------- Run | Yrd Mat Min Exi Min Mat Fac Fac Low Low Hostile Shots Fired 334 | . 57 . . 17 13 36 58 85 68 Missed 98 | . 22 . . 7 3 12 19 18 17 Damage Taken 3619 | . 411 . . 139 83 220 540 1369 857 Core 447 | . 135 . . 11 7 26 11 193 64 Absorbed by Shields . | . . . . . . . . . . Core Remaining (%) 83 | 100 . . . 41 98 96 . . . Volleys Fired 206 | . 54 . . 6 15 12 36 55 28 Largest 4 | . 2 . . 2 1 1 1 4 3 Hottest 130 | . 40 . . 40 60 60 60 130 98 Shots Fired 386 | . 108 . . 12 15 12 36 157 46 Gun 380 | . 108 . . 12 15 12 36 157 40 Cannon 6 | . . . . . . . . . 6 Launcher . | . . . . . . . . . . Special . | . . . . . . . . . . Kinetic 386 | . 108 . . 12 15 12 36 157 46 Thermal . | . . . . . . . . . . Explosive . | . . . . . . . . . . Electromagnetic . | . . . . . . . . . . Robot Hit Streak 15 | . 12 . . 4 5 13 15 8 12 Robot Miss Streak 7 | . 4 . . 1 7 5 6 5 4 Penetration Max 1 | . . . . . . . . 1 1 Secondary Targets 4 | . 1 . . . . . . 3 . Max Gunslinging Chain 1 | . 1 . . . . . . 1 . Shots Hit Robots 254 | . 75 . . 9 12 11 33 83 31 Core Hits 136 | . 34 . . 3 7 9 29 37 17 Critical Kills 4 | . . . . . . . . 1 3 Critical Parts Destroyed 12 | . . . . . . . . 8 4 Critical Strikes 19 | . . . . . . . . 12 7 Destroy 19 | . . . . . . . . 12 7 Melee Attacks 5 | . . . . . . . . . 5 Impact . | . . . . . . . . . . Slashing 5 | . . . . . . . . . 5 Piercing . | . . . . . . . . . . Sneak Attacks . | . . . . . . . . . . Combat Hostiles . | . . . . . . . . . . Follow-up Attacks . | . . . . . . . . . . Damage Inflicted 6868 | . 721 . . 94 422 677 2264 2097 593 Guns 6746 | . 721 . . 94 422 668 2264 2097 480 Cannons 51 | . . . . . . . . . 51 Explosions . | . . . . . . . . . . Melee 62 | . . . . . . . . . 62 Ramming 9 | . . . . . . 9 . . . Kinetic 6797 | . 721 . . 94 422 668 2264 2097 531 Thermal . | . . . . . . . . . . Explosive . | . . . . . . . . . . Electromagnetic . | . . . . . . . . . . Impact . | . . . . . . . . . . Slashing 62 | . . . . . . . . . 62 Piercing . | . . . . . . . . . . Highest Corruption 15 | . . . . . . . 1 15 15 Average Corruption 5 | . . . . . . . 1 9 15 Corruption Purged . | . . . . . . . . . . Corruption Blocked . | . . . . . . . . . . Effects 39 | . . . . . . . 4 19 16 Message Errors 13 | . . . . . . . 3 4 6 Matter Fused 11 | . . . . . . . . 7 4 Heat Flow Errors 1 | . . . . . . . . 1 . Energy Discharges 2 | . . . . . . . . 2 . Parts Rejected 2 | . . . . . . . . 1 1 Data Loss (minor) 5 | . . . . . . . 1 2 2 Data Loss (major) 1 | . . . . . . . . . 1 Misfires 1 | . . . . . . . . . 1 Weapon Failures 3 | . . . . . . . . 2 1 Overload Shots . | . . . . . . . . . . Overflow Damage . | . . . . . . . . . . Projectiles . | . . . . . . . . . . Explosions . | . . . . . . . . . . Melee . | . . . . . . . . . . Knockbacks 1 | . . . . . . . . . 1 Impact . | . . . . . . . . . . Kinetic 1 | . . . . . . . . . 1 Secondary . | . . . . . . . . . . Self-Inflicted Damage . | . . . . . . . . . . Shots . | . . . . . . . . . . Rammed 2 | . . . . . . 2 . . . Targets Rammed 2 | . . . . . . 2 . . . Kicked . | . . . . . . . . . . Crushed . | . . . . . . . . . . Highest Temperature 552 | . 17 . . 20 238 216 412 552 274 Average Temperature 151 | . 6 . . 7 90 88 110 277 94 Received Heat Transfer 744 | . 216 . . 48 . 45 153 108 174 Effects 35 | . . . . . . . 2 33 . Shutdowns 16 | . . . . . . . 2 14 . Interference 5 | . . . . . . . . 5 . Matter Decay 2 | . . . . . . . . 2 . Damage (minor) 1 | . . . . . . . . 1 . Damage (major) 10 | . . . . . . . . 10 . Damage (core) 1 | . . . . . . . . 1 . Siege Activations . | . . . . . . . . . . Robots Corrupted . | . . . . . . . . . . Combat Hostiles . | . . . . . . . . . . Parts Fried . | . . . . . . . . . . Impact Corruptions . | . . . . . . . . . . Robots Melted . | . . . . . . . . . . Combat Hostiles . | . . . . . . . . . . Parts Melted . | . . . . . . . . . . Heat Transferred . | . . . . . . . . . . Parts Sabotaged . | . . . . . . . . . . Parts Stolen . | . . . . . . . . . . Parts Stripped . | . . . . . . . . . . Power Chain Reactions . | . . . . . . . . . . Alert | -11 -10 -10 -10 -9 -8 -7 -6 -6 -6 ------- Run | Yrd Mat Min Exi Min Mat Fac Fac Low Low Peak Influence 257 | . 232 24 . 101 188 202 257 . . Initial 85 | . . 24 . . 14 85 14 . . Average 84 | . 128 24 . 34 76 101 86 . . Maximum Alert Level 1 | . 1 . . . . 1 1 . . Low Security (%) 91 | . 75 100 . 100 100 99 87 . . Level 1 8 | . 24 . . . . . 12 . . Level 2 . | . . . . . . . . . . Level 3 . | . . . . . . . . . . Level 4 . | . . . . . . . . . . Level 5 . | . . . . . . . . . . High Security . | . . . . . . . . . . Max Security . | . . . . . . . . . . Squads Dispatched 16 | . 2 . . . . 8 6 . . Investigation 1 | . . . . . . 1 . . . Extermination 2 | . . . . . . 1 1 . . Reinforcement 8 | . 2 . . . . 2 4 . . Assault . | . . . . . . . . . . Garrison 5 | . . . . . . 4 1 . . Intercept . | . . . . . . . . . . Searches Triggered . | . . . . . . . . . . Construction Impeded 2 | . . . . . . . 2 . . Haulers Reinforced 1 | . . . . . . 1 . . . Active Scanning Responses . | . . . . . . . . . . Cargo Convoy Interrupts . | . . . . . . . . . . Stealth | -11 -10 -10 -10 -9 -8 -7 -6 -6 -6 --------- Run | Yrd Mat Min Exi Min Mat Fac Fac Low Low Distress Signals 1 | . . . . . . . 1 . . Communications Jammed . | . . . . . . . . . . Distress Signals . | . . . . . . . . . . Times Spotted 92 | . 21 . . 9 6 8 16 20 12 Peak Tracking Total 8 | . 3 . . 3 4 3 5 8 7 Tactical Retreats 8 | . 2 . . . . 1 1 2 2 Traps | -11 -10 -10 -10 -9 -8 -7 -6 -6 -6 ------- Run | Yrd Mat Min Exi Min Mat Fac Fac Low Low Traps Triggered 1 | . . . . . . 1 . . . Indirectly . | . . . . . . . . . . Trap Hack Attempts . | . . . . . . . . . . Triggered . | . . . . . . . . . . Disarmed . | . . . . . . . . . . Reprogrammed . | . . . . . . . . . . Reused . | . . . . . . . . . . Traps Extracted . | . . . . . . . . . . Installed . | . . . . . . . . . . Triggered . | . . . . . . . . . . Machines | -11 -10 -10 -10 -9 -8 -7 -6 -6 -6 ---------- Run | Yrd Mat Min Exi Min Mat Fac Fac Low Low Machines Disabled 3 | . . . . . 1 . 1 1 . Max in Single Turn 1 | . . . . . 1 . 1 1 . Machines Repaired . | . . . . . . . . . . Machines Dismantled . | . . . . . . . . . . Machines Sabotaged . | . . . . . . . . . . Overloaded Fab Kills . | . . . . . . . . . . Hacking | -11 -10 -10 -10 -9 -8 -7 -6 -6 -6 --------- Run | Yrd Mat Min Exi Min Mat Fac Fac Low Low Machines Accessed 6 | . 1 . 1 . 1 2 1 . . Terminals 2 | . 1 . . . 1 . . . . Fabricators 2 | . . . . . . 1 1 . . Repair Stations . | . . . . . . . . . . Recycling Units . | . . . . . . . . . . Scanalyzers . | . . . . . . . . . . Garrison Access 1 | . . . . . . 1 . . . Total Hacks 14 | . 2 . 1 . 4 4 3 . . Successful 3 | . . . 1 . . 1 1 . . Failed 11 | . 2 . . . 4 3 2 . . Catastrophic 1 | . 1 . . . . . . . . Database Lockouts . | . . . . . . . . . . Manual 3 | . 2 . 1 . . . . . . Terminals 6 | . 2 . . . 4 . . . . Fabricators 4 | . . . . . . 1 3 . . Repair Stations . | . . . . . . . . . . Recycling Units . | . . . . . . . . . . Scanalyzers . | . . . . . . . . . . Garrison Access 3 | . . . . . . 3 . . . Terminal Hacks 1 | . . . 1 . . . . . . Derelict Proto ID Bank 1 | . . . 1 . . . . . . Fabricator Hacks 2 | . . . . . . 1 1 . . Build 2 | . . . . . . 1 1 . . Repair Station Hacks . | . . . . . . . . . . Recycling Unit Hacks . | . . . . . . . . . . Scanalyzer . | . . . . . . . . . . Garrison Access Hacks . | . . . . . . . . . . Unauthorized Hacks . | . . . . . . . . . . Terminals . | . . . . . . . . . . Fabricators . | . . . . . . . . . . Repair Stations . | . . . . . . . . . . Recycling Units . | . . . . . . . . . . Scanalyzers . | . . . . . . . . . . Garrison Access . | . . . . . . . . . . Data Cores Recovered 1 | . . . . . . . 1 . . Used . | . . . . . . . . . . Hacking Detections 5 | . 1 . . . 1 2 1 . . Full Trace Events . | . . . . . . . . . . Feedback Events . | . . . . . . . . . . Feedback Blocked . | . . . . . . . . . . Robot Schematics Acquired . | . . . . . . . . . . Robots Built 4 | . . . . . . 4 . . . Authchips . | . . . . . . . . . . Time 67 | . . . . . . 67 . . . Total Robot Build Rating 16 | . . . . . . 16 . . . Part Schematics Acquired . | . . . . . . . . . . Parts Built 2 | . . . . . . . 2 . . Authchips . | . . . . . . . . . . Time 128 | . . . . . . . 128 . . Total Part Build Rating 16 | . . . . . . . 16 . . Parts Repaired . | . . . . . . . . . . Time . | . . . . . . . . . . Parts Recycled . | . . . . . . . . . . Recycled Matter . | . . . . . . . . . . Retrieved Matter . | . . . . . . . . . . Retrieved Components . | . . . . . . . . . . Parts Scanalyzed . | . . . . . . . . . . Part Schematics Acquired . | . . . . . . . . . . Parts Damaged . | . . . . . . . . . . Bothacking | -11 -10 -10 -10 -9 -8 -7 -6 -6 -6 ------------ Run | Yrd Mat Min Exi Min Mat Fac Fac Low Low Used RIF Installer . | . . . . . . . . . . Robots Hacked . | . . . . . . . . . . Non-combat . | . . . . . . . . . . Combat . | . . . . . . . . . . Robot Hacks Applied . | . . . . . . . . . . Relay Couplers Released . | . . . . . . . . . . Fabnet Peak Effective % . | . . . . . . . . . . Robots Rewired 2 | . . . . . . . . 2 . Allies Hacked . | . . . . . . . . . . Hacks Repelled . | . . . . . . . . . . Allies | -11 -10 -10 -10 -9 -8 -7 -6 -6 -6 -------- Run | Yrd Mat Min Exi Min Mat Fac Fac Low Low Total Allies 9 | . . . . 3 . 4 . 2 . Largest Group 4 | . . . . 3 2 4 . 2 . Highest-Rated Group 49 | . . . . 40 32 48 . 49 . Highest-Rated Ally 29 | . . . . 16 16 12 . 29 . Total Orders . | . . . . . . . . . . Ally Attacks 89 | . . . . 30 21 36 . 2 . Total Damage 990 | . . . . 392 194 365 . 39 . Kills 15 | . . . . 6 3 5 . 1 . Allies Corrupted . | . . . . . . . . . . Allies Melted . | . . . . . . . . . . Intel | -11 -10 -10 -10 -9 -8 -7 -6 -6 -6 ------- Run | Yrd Mat Min Exi Min Mat Fac Fac Low Low Robot Analysis Total . | . . . . . . . . . . Derelict Logs Recovered 3 | . . . . 2 . . . 1 . Drone Launches . | . . . . . . . . . . Drone Recoveries . | . . . . . . . . . . Exploration | -11 -10 -10 -10 -9 -8 -7 -6 -6 -6 ------------- Run | Yrd Mat Min Exi Min Mat Fac Fac Low Low Turns Passed 5394 | . 814 268 254 670 346 888 1241 589 324 Spaces Moved 2727 | 1 484 223 211 403 182 299 518 259 147 Core . | . . . . . . . . . . Treads 1798 | . . . . 393 182 299 518 259 147 Legs 929 | 1 484 223 211 10 . . . . . Wheels . | . . . . . . . . . . Hover . | . . . . . . . . . . Flight . | . . . . . . . . . . Fastest Speed 120 | 120 120 120 120 120 160 160 166 163 160 Average Speed 148 | 120 120 120 120 159 160 162 166 164 165 Slowest Speed 250 | 120 190 120 120 160 160 166 166 250 240 Overloaded Moves . | . . . . . . . . . . Propulsion Burnouts . | . . . . . . . . . . Robots Hopped . | . . . . . . . . . . Cave-ins Triggered . | . . . . . . . . . . Exploration Rate (%) 39 | 2 84 57 61 69 22 13 19 49 17 Regions Visited 9 Branch Regions 5 Pre-discovered Areas . | . . . . . . . . . . Known Exits Taken 4 | . . . . . 1 1 1 1 . Unknown Exits Taken 5 | 1 1 1 1 1 . . . . . Scrap Searched 3 | . . 1 . . . . . 1 1 Spaces Dug . | . . . . . . . . . . Terrain Destroyed 50 | . . . . . 18 . 19 9 4 Melee . | . . . . . . . . . . Projectile 48 | . . . . . 18 . 19 8 3 AOE . | . . . . . . . . . . Terrain Rammed . | . . . . . . . . . . Walls Destroyed . | . . . . . . . . . . Machines Disabled . | . . . . . . . . . . Actions | -11 -10 -10 -10 -9 -8 -7 -6 -6 -6 --------- Run | Yrd Mat Min Exi Min Mat Fac Fac Low Low Total 3874 | . 625 224 213 422 236 701 904 364 185 Wait 821 | . 62 . . 10 29 380 334 6 . Move 2718 | . 483 222 210 402 181 298 517 258 147 Hop . | . . . . . . . . . . Pick Up 20 | . 8 1 1 . 2 3 4 1 . Fast Attach 20 | . 2 . . 2 3 1 1 7 4 Attach 12 | . 1 . . . 2 1 2 5 1 Detach 1 | . 1 . . . . . . . . Swap 12 | . 4 . . . 1 2 4 1 . Drop 26 | . 10 1 2 2 3 2 6 . . Fire 206 | . 54 . . 6 15 12 36 55 28 Melee 5 | . . . . . . . . . 5 Ram . | . . . . . . . . . . Kick . | . . . . . . . . . . Crush 2 | . . . . . . 2 . . . Escape Stasis . | . . . . . . . . . . Rewire 31 | . . . . . . . . 31 . Trap . | . . . . . . . . . . Miscellaneous . | . . . . . . . . . . Route ------- -11/Scrapyard -10/Materials (discovered 4 exits: [*Mat x2] / [*Min x2]) -10/Mines (discovered 2 exits: [*Mat] / *Exi) -10/Exiles -9/Mines -8/Materials -7/Factory -6/Factory -6/Lower Caves -6/Lower Caves History --------- Turn | Location | Event 1 | -11/Scrapyard | Discovered new exit (range 0) 1 | -11/Scrapyard | Entered Materials 68 | -10/Materials | Discovered new exit (range 14) 273 | -10/Materials | Discovered new exit (range 14) 334 | -10/Materials | Build established: Mutant 549 | -10/Materials | Core integrity fell below 50% 698 | -10/Materials | Discovered new exit (range 3) 731 | -10/Materials | Discovered new exit (range 16) 815 | -10/Materials | Entered Mines 856 | -10/Mines | Discovered new exit (range 13) 1005 | -10/Mines | Received a Rocket Launcher from a helpful Derelict 1079 | -10/Mines | Deemed a non-threat by the Exiles lab entrance 1079 | -10/Mines | Discovered new exit (range 5) 1083 | -10/Mines | Entered Exiles 1112 | -10/Exiles | Met 8R-AWN 1134 | -10/Exiles | Met EX-HEX 1165 | -10/Exiles | Met EX-BIN 1183 | -10/Exiles | Aligned with FarCom system 1184 | -10/Exiles | Given EX-Vault access code 1212 | -10/Exiles | Opened EX-Vault 1221 | -10/Exiles | Found XL Autogun Array 1245 | -10/Exiles | Warned to stay clear of 0b10 Research branches 1263 | -10/Exiles | Exiles lab attacked by MAIN.C 1323 | -10/Exiles | Discovered new exit (range 14) 1337 | -10/Exiles | Left Exiles lab with XL Autogun Array 1337 | -10/Exiles | Entered Mines 1377 | -9/Mines | Assembled infested the area 1382 | -9/Mines | Assisted by a Guerilla fighting off Assembled 1432 | -9/Mines | Learned location of 1 exit from Lower Caves 1587 | -9/Mines | Assisted by bots powering up and referring to "LRC-V3" 1815 | -9/Mines | Joined a pair of Derelicts in attacking an 0b10 outpost 1838 | -9/Mines | Learned location of 1 exit from Proximity Caves 1987 | -9/Mines | Discovered new exit (range 13) 2007 | -9/Mines | Entered Materials 2007 | -8/Materials | Accompanied by 2 allies 2007 | -8/Materials | Evolved 4 slots: Utility x2, Weapon x2 2325 | -8/Materials | Discovered new exit (range 17) 2351 | -8/Materials | Identified exit to Factory 2353 | -8/Materials | Entered Factory 2353 | -7/Factory | Evolved 2 slots: Propulsion x1, Utility x1 2478 | -7/Factory | Fabricated S-27 Virus (x4) 2550 | -7/Factory | Garrison activated, responded to threat 2634 | -7/Factory | Lost 3 allies 2851 | -7/Factory | Garrison activated, responded to threat 2879 | -7/Factory | Build established: Skirmisher 3219 | -7/Factory | Discovered new exit (range 13) 3239 | -7/Factory | Identified exit to Factory 3241 | -7/Factory | Entered another Factory area 3241 | -6/Factory | Evolved 2 slots: Power x1, Utility x1 3426 | -6/Factory | Garrison activated, responded to threat 3972 | -6/Factory | Fabricated Hyp. Railgun (x2) 4321 | -6/Factory | Spotted B-75 Beast 4468 | -6/Factory | Discovered new exit (range 8) 4480 | -6/Factory | Identified exit to Lower Caves 4482 | -6/Factory | Entered Lower Caves 4483 | -6/Lower Caves | Identified exit to Lower Caves 4575 | -6/Lower Caves | Learned location of 1 exit from Factory 4632 | -6/Lower Caves | Attracted the attention of an 0b10 outpost 4683 | -6/Lower Caves | Destroyed 12 combat bots 4708 | -6/Lower Caves | System corruption reached 10% 4738 | -6/Lower Caves | Lost 5 parts (1n2u2w) 4786 | -6/Lower Caves | Build established: Gunner 4839 | -6/Lower Caves | Lost 4 parts (1p1n2w) 5071 | -6/Lower Caves | Entered another Lower Caves area 5107 | -6/Lower Caves | Attracted the attention of an 0b10 checkpoint 5229 | -6/Lower Caves | Lost 5 parts (2n1u2w) 5395 | -6/Lower Caves | Self-destructed Last Messages --------------- 05351_ Acquired 2 matter. 05352_ Acquired 4 matter. 05354_ Acquired 2 matter. 05356_ Acquired 14 matter. 05360_ Acquired 1 matter. 05379_ System corrupted: FCS attempts to trigger Adv. Assault Cannon. 05379_ System corrupted: Adv. Assault Cannon misfires. 05379_ Kinecellerator destroyed. 05381_ Lgt. Treads destroyed. 05382_ S-27 Virus destroyed. 05387_ S-27 Virus knocked back. 05391_ VTOL Module fries itself beyond repair. 05393_ Lgt. Nuclear Core fries itself beyond repair. 05393_ Acquired 5 matter. 05395_ System corrupted: Adv. Assault Cannon rejected. 05395_ Lgt. Treads destroyed. Map ----- +----------------------------------------------------+ | ?????????????????????????????????????????????????? | | ?????????????????????????????????????????????????? | | ?????????????????????????????????????????????????? | | ?????????????????????????????????????????????????? | | ?????????????????????????????????????????????????? | | ?????????????????????????????????????????????????? | | ?????????????????????????????????????????????????? | | ?????????????????????????????????????????????????? | | ?????????????????????????????????????????????????? | | ?????????????????????????????????????????????????? | | ?????????????????????????????????????????????????? | | ?????????????????????????????????????????????????? | | ????????????????????????##???????????????????????? | | ???????????????????????# #????####??????????????? | | ??????????????????????? ???? #??????????????? | | ??????????????????????? ???? ???????????????? | | ??????????????????????? ????# ???????????????? | | ???????????????????????# ??### ???????????????? | | ???????????????????????# #?## ???????????????? | | ???????????????????????# #?# ???????????????? | | ???????????????????????# #?# ##??###?????????? | | ???????????????????????# #?# ### #?????????? | | ???????????????????????# #???# #?????????? | | ???????????????????????#ss##???# ! #??????????? | | ???????????????????????# ;#??## ##?????????? | | ???????????????????????# @;#### ###???????? | | ???????????????????????#% # ## ## ????? | | ???????????????????????# # #?? | | ??????????????????????## #?? | | ?????????????????????## ## #?? | | ?????????????????????# ##? #### ##?? | | ????????????????????# ## ##??####????##??? | | ????????????????????# ### #???#####???????? | | ????????????????????# ?# ##### ######### | | ????????????????????## ?## ## = | | ?????????????????????### ??# | | ???????????????????????# ??# ## ## ##### | | ??????????????????????? ??# ###### #######???? | | ??????????????????????? ??# #????###????????## | | ?????????????????????? ??## ??????????????## | | ?????????????????????? ???## ?????########## | | ?????????????????????? ??########## | | ?????????????????????? ??# # ####### | | ?????????????????????????????# ##????## | | ?????????????????????????????# "" " " ####### | | ?????????????????????????????# """ " | | ?????????????????????????????# "" "" | | ?????????????????????????????# " # ####### | | ?????????????????????????????# """" #####?????# | | ?????????????????????????????# """"" #?????????# | +----------------------------------------------------+ Best States ------------- Heat Dissipation 37 Energy Generation 32 Energy Capacity 480 Matter Stores 300 Matter Capacity 300 Sight Range 18 Terrain Scan Density 10 Weapon Cycling 15 Evasion (%) 55 Targeting Accuracy 5 Recoil Reduction 3 Matter Filtering 30 Kinecelleration 30 Item Schematics ----------------- None Robot Schematics ------------------ None Fabricated ------------ S-27 Virus | x4 | -7/Factory | Preloaded Hyp. Railgun | x2 | -6/Factory | Preloaded Alien Tech Used ----------------- None Achievements -------------- None Challenges ------------ None Game ------ Seed ThrowingAblativePit Manual? 0 Play Time 00:36:01 Cumulative 96.4 hours Start 2024.04.05 @ 17:14:06 End 2024.04.05 @ 17:48:08 Sessions 1 Manual Loads 0 Difficulty Rogue Special Mode None Game No. 141 Rogue 141 Adventurer 0 Explorer 0 Win Type - Total 1 Types 1/0/0/0/0/0/0/0/0 Lore% 42 Gallery% 47 Achievement% 41 Wizard Run 0 Options --------- Layout 2 ASCII 0 Keyboard 1 Movement Vi Keybinds 1 Fullscreen 1 Font 32/SmallcapsGlow Map View 50x44 Zoom Use 0% Tactical HUD 1 Map Filters NONE Filters NONE Steam 1 RUN: e1a8147e-d3ea-4104-b282-a08951e372da